 Dungeon Crawl Stone Soup version 0.31-a0-744-gbc345e7fcb (webtiles) character file.

Game seed: 15983325386876276088

1010 garrulousMonolith the Geomancer (level 8, -3/41 HPs)
             Began as a Gargoyle Earth Elementalist on Sept 13, 2023.
             Slain by a wight
             ... wielding a +6 dire flail
              (9 damage)
             ... on level 5 of the Dungeon.
             The game lasted 00:04:57 (5309 turns).

garrulousMonolith the Geomancer (GrEE)              Turns: 5309, Time: 00:04:58

Health: -3/41      AC: 12    Str: 12    XL:     8   Next: 21%
Magic:  1/14       EV: 10    Int: 18    God:
Gold:   196        SH:  3    Dex: 10    Spells: 10/16 levels left

rFire   . . .        w - +5 dagger
rCold   . . .        c - +0 buckler
rNeg    + . .        i - +0 leather armour
rPois   ∞            (no helmet)
rElec   +            (no cloak)
rCorr   .            (no gloves)
SInv    .            (no boots)
Will    .....        (no amulet)
Stlth   ++           j - +4 ring of protection
HPRegen 0.26/turn    (no ring)
MPRegen 0.14/turn

%: no passive effects
@: studying Unarmed Combat
A: sickness immunity, AC +5, negative energy resistance 1, electricity
resistance, torment resistance 1, petrification resistance
a: no special abilities


You were on level 5 of the Dungeon.
You visited 1 branch of the dungeon, and saw 5 of its levels.

You collected 196 gold pieces.

Inventory:

Hand Weapons
 w - a +5 dagger (weapon)
Missiles
 f - 8 poisoned darts
 r - a throwing net
Armour
 a - a +0 robe
 c - a +0 buckler (worn)
 i - a +0 leather armour (worn)
Jewellery
 j - a +4 ring of protection (left hand)
 m - an amulet of guardian spirit
Scrolls
 k - a scroll of revelation {unknown}
 l - a scroll of teleportation
 n - 2 scrolls of immolation
 o - a scroll of fog {unknown}
 q - a scroll of enchant armour {unknown}
 t - a scroll of amnesia {unknown}
 u - a scroll of silence {unknown}
Potions
 b - a potion of magic
 d - a potion of heal wounds
 g - a potion of might
 h - a potion of brilliance {unknown}
 p - 2 potions of curing
 v - a potion of lignification {unknown}


   Skills:
 - Level 1.5 Dodging
 - Level 2.1 Stealth
 + Level 4.6 Spellcasting
 * Level 4.0 Conjurations
 - Level 2.0 Transmutations
 * Level 8.6 Earth Magic


You had 10 spell levels left.
You knew the following spells:

 Your Spells              Type           Power      Damage    Failure   Level
a - Sandblast             Erth           70%        2d15      1%          1
b - Stone Arrow           Conj/Erth      54%        3d10      6%          3
c - Passwall              Tmut/Erth      19%        N/A       4%          2

Your spell library contained the following spells:

 Spells                   Type           Power      Damage    Failure   Level
 Petrify                  Tmut/Erth      23%        N/A       28%         4
 Summon Forest            Summ/Tloc      2%         N/A       100%        5
 Summon Mana Viper        Hex/Summ       4%         N/A       100%        5
 Summon Cactus Giant      Summ           2%         N/A       100%        6


Dungeon Overview and Level Annotations

Branches:
Dungeon (5/15)
 Temple: D:4-7

Altars:
Fedhas
Okawaru

Annotations:
D:4 2 transporters


Innate Abilities, Weirdness & Mutations

You are immune to sickness and miasma.
Your stone body is resilient. (AC +5)
You are immune to poison.
You resist negative energy. (rN+)
You are resistant to electric shocks. (rElec)
You are resistant to unholy torment.
You are immune to petrification.


Message History

The blast of sand hits the wight but does no damage.
The wight closely misses you.
Casting: Sandblast (safe; 1% risk of failure)
Confirm with . or Enter, or press ? or * to list all spells.
Aiming: Sandblast (safe; 1% risk of failure)
Press: ? - help, Shift-Dir - straight line, f/p - wight
Aim: a wight, wielding a +6 dire flail, wearing a +0 plate armour and quivering poisoned darts (90% to hit)
The blast of sand hits the wight but does no damage.
You block the wight's attack. The wight hits you but does no damage.
Casting: Sandblast (safe; 1% risk of failure)
Confirm with . or Enter, or press ? or * to list all spells.
Aiming: Sandblast (safe; 1% risk of failure)
Press: ? - help, Shift-Dir - straight line, f/p - wight
Aim: a wight, wielding a +6 dire flail, wearing a +0 plate armour and quivering poisoned darts (90% to hit)
The blast of sand hits the wight but does no damage.
The wight hits you with a +6 dire flail.
Casting: Sandblast (safe; 1% risk of failure)
Confirm with . or Enter, or press ? or * to list all spells.
Aiming: Sandblast (safe; 1% risk of failure)
Press: ? - help, Shift-Dir - straight line, f/p - wight
Aim: a wight, wielding a +6 dire flail, wearing a +0 plate armour and quivering poisoned darts (90% to hit)
The blast of sand hits the wight but does no damage.
The wight hits you with a +6 dire flail!!
The wight barely misses you.
Casting: Sandblast (safe; 1% risk of failure)
Confirm with . or Enter, or press ? or * to list all spells.
Aiming: Sandblast (safe; 1% risk of failure)
Press: ? - help, Shift-Dir - straight line, f/p - wight
Aim: a wight, wielding a +6 dire flail, wearing a +0 plate armour and quivering poisoned darts (90% to hit)
The blast of sand hits the wight but does no damage.
The wight hits you with a +6 dire flail!
* * * LOW HITPOINT WARNING * * *
Casting: Sandblast (safe; 1% risk of failure)
Confirm with . or Enter, or press ? or * to list all spells.
Aiming: Sandblast (safe; 1% risk of failure)
Press: ? - help, Shift-Dir - straight line, f/p - wight
Aim: a wight, wielding a +6 dire flail, wearing a +0 plate armour and quivering poisoned darts (90% to hit)
The blast of sand hits the wight but does no damage.
The wight hits you with a +6 dire flail!
You die...

. #...##......#####
#.##.###...##..###.# #
........[..........#
...................# #
#......................# #
#......................# #
#......................#####
#...........z.......<.......
#..........@................
#..............).......#####
#...!.......>.............##
.#....†)................##.##
........................##.##
........................#....
........................#....
......................†.#....
........................#....


You could see a wight.

Vanquished Creatures
  Edmund (D:5)
  A phantom (D:5)
  2 bullfrogs (D:4)
  A gnoll sergeant (D:5)
  3 wights (D:5)
  2 orc priests
  A jelly (D:4)
  3 hounds
  3 iguanas
  3 orc wizards (D:4)
  3 gnolls (D:5)
  4 adders
  An ufetubus (D:5)
  3 worms
  2 dart slugs
  6 orcs
  2 endoplasms
  6 giant cockroaches
  6 goblins
  7 hobgoblins
  5 jackals
  3 quokkas
  5 ball pythons
  6 bats
  2 frilled lizards
  2 kobolds
  2 rats
85 creatures vanquished.

Notes
Turn   | Place    | Note
-------+----------+-------------------------------------------
     0 | D:1      | garrulousMonolith the Gargoyle Earth Elementalist began the
                  | quest for the Orb.
     0 | D:1      | Reached XP level 1. HP: 10/10 MP: 3/3
   456 | D:1      | Reached skill level 1 in Transmutations
   460 | D:1      | Reached skill level 4 in Earth Magic
   460 | D:1      | Reached XP level 2. HP: 15/15 MP: 0/5
   617 | D:1      | Learned a level 2 spell: Passwall
   795 | D:1      | Found a faded altar of an unknown god.
  1260 | D:2      | Reached XP level 3. HP: 18/19 MP: 1/6
  1956 | D:3      | Found a blossoming altar of Fedhas.
  2463 | D:3      | Found an iron altar of Okawaru.
  2858 | D:4      | Reached XP level 4. HP: 18/24 MP: 1/7
  2972 | D:3      | Reached skill level 5 in Earth Magic
  3217 | D:4      | Reached XP level 5. HP: 28/28 MP: 7/9
  3237 | D:4      | Reached skill level 6 in Earth Magic
  3337 | D:4      | Found a transporter.
  3457 | D:4      | Reached XP level 6. HP: 32/32 MP: 7/10
  3558 | D:4      | Reached skill level 7 in Earth Magic
  3924 | D:4      | Learned a level 3 spell: Stone Arrow
  4366 | D:4      | Found a transporter.
  4377 | D:4      | Noticed a fire bat
  4377 | D:4      | Noticed a fire bat
  4378 | D:4      | Noticed a fire bat
  4682 | D:5      | Entered Level 5 of the Dungeon
  4760 | D:5      | Reached XP level 7. HP: 36/36 MP: 9/12
  4771 | D:5      | Reached skill level 1 in Conjurations
  4856 | D:5      | Noticed Edmund
  4863 | D:5      | Killed Edmund
  5039 | D:5      | Reached skill level 8 in Earth Magic
  5253 | D:5      | Reached XP level 8. HP: 37/41 MP: 9/14
  5309 | D:5      | Slain by a wight

Illustrated notes

Levels and vault maps discovered:
D:1:      minmay_arrival_open_corners, layout_loops_corners,
          shapermc_ecumenical_altar_mp_highgroup, grunt_decor_fettered
D:2:      layout_loops_ring
D:3:      layout_loops_corners, fedhas_altar_2, lemuel_doored_altar
D:4:      gammafunk_cloud_chamber, layout_layer_cave, minmay_manual_mullet
D:5:      layout_basic, minmay_misc_feat_more_columns, uniq_edmund

Skill      XL: |  1  2  3  4  5  6  7  8 |
---------------+-------------------------+-----
Transmutations | 1 2 |  2.0
Earth Magic    | 4 5 6 7 8 |  8.6
Spellcasting   | 3 4 |  4.6
Conjurations   | 3 4 |  4.0
Dodging        | |  1.5
Stealth        | |  2.1

Action                     |  1- 3 |  4- 6 |  7- 9 || total
---------------------------+-------+-------+-------++-------
  Melee: Dagger            |     1 |       |       ||     1
   Cast: Sandblast         |    59 |    52 |    61 ||   172
    Use: Scroll            |       |     7 |       ||     7
         Potion            |       |       |     1 ||     1
   Stab: Sleeping          |     1 |       |       ||     1
 Armour: Robe              |     6 |       |       ||     6
         Leather armour    |     3 |    21 |    41 ||    65
  Dodge: Dodged            |     5 |     7 |    30 ||    42
  Block: Buckler           |       |       |     3 ||     3

Table legend: (Time is in decaauts)
 A = Elapsed time spent in this place.
 B = Non-inter-level travel time spent in this place.
 C = Inter-level travel time spent in this place.
 D = Time resting spent in this place.
 E = Time spent auto-exploring this place.
 F = Levels seen in this place.
 G = Mean time per level.
                   A        B        C        D        E       F      G
               +--------+--------+--------+--------+--------+-----+--------+
         Total |   5418 |   5271 |    147 |   1049 |   3585 |   5 | 1083.6 |
       Dungeon |   5418 |   5271 |    147 |   1049 |   3585 |   5 | 1083.6 |
               +--------+--------+--------+--------+--------+-----+--------+

Top non-repeatable levels by time:
     D:4: 1702 daAuts
     D:1: 1133 daAuts
     D:3: 1086 daAuts
     D:2: 838 daAuts
     D:5: 657 daAuts
